 Dungeon Crawl Stone Soup version 0.21-a0-401-g0b6bec4 (webtiles) character file.

1048 Coron the Protected (level 8, -5/69 HPs)
             Began as a Deep Dwarf Berserker on Oct 25, 2017.
             Was an Elder of Trog.
             Killed by divine providence
             ... invoked by an orc priest
              (15 damage)
             ... on level 6 of the Dungeon.
             The game lasted 00:11:52 (4213 turns).

Coron the Protected (Deep Dwarf Berserker)          Turns: 4213, Time: 00:11:53

Health: -5/69      AC: 11    Str: 23    XL:     8   Next: 5%
Magic:  8/8        EV:  9    Int:  8    God:    Trog [****..]
Gold:   311        SH:  0    Dex: 12    Spells: 7/7 levels left

rFire    . . .     SeeInvis .   g - +0 hand axe (vamp)
rCold    . . .     Gourm    .   (no shield)
rNeg     . . .     Faith    .   e - +0 chain mail
rPois    .         Spirit   .   (no helmet)
rElec    .         Reflect  .   (no cloak)
rCorr    .         Harm     .   (no gloves)
MR       +....                  (no boots)
Stlth    ..........             w - amulet of regeneration
HPRegen  0.00/turn              (no ring)
MPRegen  0.11/turn              (no ring)

@: non-regenerating, slowed, very slow
A: damage resistance, heal wounds, sense surroundings 1, no regeneration
a: Heal Wounds, Berserk, Trog's Hand, Brothers in Arms, Burn Spellbooks,
Renounce Religion


You were on level 6 of the Dungeon.
You worshipped Trog.
Trog was greatly pleased with you.
You were not hungry.

You visited 1 branch of the dungeon, and saw 6 of its levels.

You collected 311 gold pieces.

Inventory:

Hand Weapons
 a - a +0 hand axe
 g - a +0 vampiric hand axe (weapon)
 F - a +1 hand axe of flaming
Armour
 c - a +1 ring mail
 e - a +0 chain mail (worn)
 f - a +0 robe of fire resistance
 h - a +0 plate armour
 o - a +0 chain mail
Jewellery
 v - an uncursed ring of teleportation
 w - an amulet of regeneration (around neck)
Wands
 r - a wand of flame (46/48)
 B - a wand of iceblast (6/15)
Scrolls
 b - a scroll of remove curse
 d - 2 scrolls of fear
 m - 2 scrolls of immolation {unknown}
 n - a scroll of teleportation
 s - a scroll of recharging
 u - a scroll of identify {unknown}
 x - a scroll of enchant armour
 y - a scroll of fog {unknown}
 D - a scroll of blinking {unknown}
 E - a scroll of enchant weapon {unknown}
Potions
 i - 3 potions of resistance {unknown}
 j - 2 potions of agility {unknown}
 l - 5 potions of curing {unknown}
 t - a potion of haste {unknown}
 z - a potion of flight {unknown}
 C - a potion of magic {unknown}
 G - a potion of brilliance {unknown}
Comestibles
 k - 7 fruits
 p - 2 royal jellies
 q - 3 bread rations
 A - 2 meat rations


   Skills:
 - Level 3.0 Fighting
 - Level 5.0 Axes
 + Level 9.5 Armour
 - Level 2.5 Dodging


You had 7 spell levels left.
You didn't know any spells.

Dungeon Overview and Level Annotations

Branches:
Dungeon (6/15)             Temple (0/1) D:4

Altars:
Ashenzari
Nemelex Xobeh
Trog
Vehumet
Yredelemnul

Annotations:
D:5 relec needed stuff
D:6 Sigmund


Innate Abilities, Weirdness & Mutations

You are resistant to damage.
You can heal yourself by infusing magical energy.
You passively map a small area around you.
You do not regenerate.


Message History

The orc wizard casts a spell.
The orc wizard seems to speed up.
Sigmund casts a spell.
Sigmund flickers and vanishes!
Deactivating autopickup; reactivate with Ctrl-A.
The orc wizard mumbles some strange words.
The orc wizard blinks!
The orc priest hits you with a hand axe.
* * * LOW HITPOINT WARNING * * *
The orc priest barely misses you.
The orc wizard hits you but does no damage.
The orc wizard hits you but does no damage.
The orc wizard gestures at you while chanting.
The magic dart hits you!
* * * LOW HITPOINT WARNING * * *
The orc priest looks satisfied for a moment.
The orc wizard hits you but does no damage.
The orc priest mumbles some strange prayers to Beogh against you.
Beogh smites you!
You die...

, ... .... ,
..#######..... ,,
.............. **
#..............
,,#..........)...# ,
, , #o.............#
, #.o............# ,
,,,,,#oo............#
, #@.............# ,
#..............#
#..............#
########.......#
#.......# < #.......#
,, ,#.......# ,
#.......# #.......#


You could see an orc priest, 2 orc wizards and an orc.

Vanquished Creatures
  A phantom (D:5)
  2 ice beasts (D:5)
  An ogre (D:5)
  A centaur (D:5)
  A scorpion (D:5)
  A howler monkey (D:5)
  2 bullfrog skeletons (D:5)
  2 orc wizards
  An orc priest (D:5)
  Jessica (D:2)
  4 worker ants
  A hound zombie (D:5)
  7 gnolls
  A howler monkey skeleton (D:5)
  5 adders
  2 oozes
  A worm (D:4)
  3 dart slugs
  8 leopard geckos
  15 orcs
  6 giant cockroaches
  9 hobgoblins
  4 jackals
  11 kobolds
  2 quokkas
  8 bats
  4 frilled lizards
  6 goblins
  A leopard gecko zombie (D:5)
  10 rats
121 creatures vanquished.

Notes
Turn   | Place    | Note
-------+----------+-------------------------------------------
     0 | D:1      | Coron the Deep Dwarf Berserker began the quest for the Orb.
     0 | D:1      | Reached XP level 1. HP: 20/20 MP: 1/1
   105 | D:1      | Reached XP level 2. HP: 24/27 MP: 2/2
   873 | D:2      | Reached XP level 3. HP: 24/34 MP: 3/3
   923 | D:2      | Reached skill level 3 in Armour
  1051 | D:2      | Reached ** piety under Trog
  1144 | D:2      | Noticed Jessica
  1161 | D:2      | Killed Jessica
  1161 | D:2      | Reached XP level 4. HP: 37/42 MP: 4/4
  1258 | D:2      | Reached skill level 5 in Axes
  1545 | D:3      | Found a basalt altar of Yredelemnul.
  1578 | D:3      | Found a shattered altar of Ashenzari.
  1890 | D:3      | Found a faded altar of an unknown god.
  1944 | D:3      | Reached XP level 5. HP: 35/49 MP: 5/5
  1944 | D:3      | Reached skill level 4 in Armour
  2211 | D:3      | Found a sparkling altar of Nemelex Xobeh.
  2211 | D:3      | Found a bloodstained altar of Trog.
  2231 | D:3      | Found a radiant altar of Vehumet.
  2455 | D:3      | Reached *** piety under Trog
  2917 | D:4      | Reached skill level 5 in Armour
  3037 | D:4      | Reached XP level 6. HP: 47/56 MP: 6/6
  3147 | D:4      | Found a staircase to the Ecumenical Temple.
  3288 | D:5      | Entered Level 5 of the Dungeon
  3316 | D:5      | Noticed an ice beast
  3415 | D:5      | Noticed an ice beast
  3424 | D:5      | Reached skill level 6 in Armour
  3433 | D:5      | Killed an ice beast
  3435 | D:5      | Reached skill level 7 in Armour
  3435 | D:5      | Reached XP level 7. HP: 62/62 MP: 7/7
  3557 | D:5      | Reached skill level 8 in Armour
  3801 | D:5      | Reached skill level 9 in Armour
  3879 | D:5      | Reached **** piety under Trog
  3879 | D:5      | Reached XP level 8. HP: 37/69 MP: 8/8
  4209 | D:6      | Noticed Sigmund
  4213 | D:6      | Killed from afar by an orc priest

Vault maps used:
D:1:      ncdulo_smallfort
D:2:      uniq_jessica
D:3:      yredelemnul_altar_generic, lemuel_doored_altar,
          gammafunk_temple_overflow_elements, chequers_ecumenical_altar_island,
          gup_sewer_entry_spiral, lemuel_statue_altar
D:4:      temple_statues, hangedman_decor_slide_cut, hex_medium
D:5:      cheibrodos_two_vegetables, first_bread
D:6:      uniq_eustachio, uniq_sigmund

Skill      XL: |  1  2  3  4  5  6  7 |
---------------+----------------------+-----
Fighting       | 3 |  3.0
Armour         | 3 5 7 9 |  9.5
Axes           | 4 5 |  5.0
Dodging        | |  2.5

Action                   |  1- 3 |  4- 6 |  7- 9 || total
-------------------------+-------+-------+-------++-------
Melee: Hand axe          |   126 |   267 |   130 ||   523
Invok: Berserk           |       |     2 |     1 ||     3
 Abil: Heal Wounds       |     1 |     1 |       ||     2
Evoke: Wand              |       |     1 |       ||     1
  Use: Scroll            |     1 |     5 |       ||     6
 Stab: Sleeping          |     4 |       |       ||     4
  Eat: Bread ration      |     1 |       |       ||     1
       Chunk             |     1 |     9 |     4 ||    14
Armor: Animal skin       |    10 |       |       ||    10
       Robe              |    13 |       |       ||    13
       Ring mail         |       |    69 |       ||    69
       Chain mail        |       |    34 |    71 ||   105
Dodge: Dodged            |    85 |   176 |    59 ||   320

Table legend:
 A = Spawn XP
 B = Non-spawn XP
 C = Spawn XP percentage of total XP
 D = Spawn monster count
 E = Non-spawn monster count
 F = Spawn count percentage of total count
 G = Total turns spent on level
                    A         B        C        D         E        F      G
               +---------+---------+-------+---------+---------+-------+---------
         Total |       0 |    1498 |   0.0 |       0 |     121 |   0.0 |  4213
               +---------+---------+-------+---------+---------+-------+---------
           D:1 |       0 |      39 |   0.0 |       0 |      20 |   0.0 |   866
           D:2 |       0 |     107 |   0.0 |       0 |      26 |   0.0 |   675
           D:3 |       0 |     115 |   0.0 |       0 |      31 |   0.0 |  1198
           D:4 |       0 |     142 |   0.0 |       0 |      15 |   0.0 |   549
           D:5 |       0 |    1095 |   0.0 |       0 |      29 |   0.0 |   875
               +---------+---------+-------+---------+---------+-------+---------
